 Dungeon Crawl Stone Soup version 0.21.1-1-g345015fe64 (webtiles) character file.

198 HeroTen the Skirmisher (level 5, -2/50 HPs)
             Began as a Hill Orc Chaos Knight on June 20, 2018.
             Slain by Duvessa
             ... wielding a +2 short sword of draining
              (11 damage)
             ... on level 4 of the Dungeon.
             The game lasted 00:11:37 (2064 turns).

HeroTen the Skirmisher (Hill Orc Chaos Knight)      Turns: 2064, Time: 00:11:37

Health: -2/50      AC:  7    Str: 16      XL:     5   Next: 76%
Magic:  5/5        EV: 10    Int: 11 (12) God:    Xom [.....*]
Gold:   92         SH:  0    Dex:  9 (10) Spells: 4/4 levels left

rFire    . . .     SeeInvis .   a - +0 hand axe (chaos)
rCold    . . .     Gourm    .   (no shield)
rNeg     . . .     Faith    .   q - +0 scale mail
rPois    .         Spirit   .   e - +1 hat
rElec    .         Reflect  .   (no cloak)
rCorr    .         Harm     .   (no gloves)
MR       .....                  (no boots)
Stlth    ..........             (no amulet)
HPRegen  0.16/turn              (no ring)
MPRegen  0.09/turn              (no ring)

@: hasted, drained, very quick
A: no striking features
a: Renounce Religion


You were on level 4 of the Dungeon.
You worshipped Xom.
You were Xom's teddy bear.
You were hungry.

You visited 1 branch of the dungeon, and saw 3 of its levels.

You collected 92 gold pieces.

Inventory:

Hand Weapons
 a - a +0 hand axe of chaos (weapon)
 g - a +0 falchion
 h - a +0 mace
Armour
 e - a +1 hat (worn)
 q - a +0 scale mail (worn)
Jewellery
 p - an uncursed amulet of rage {unknown}
Scrolls
 d - 2 scrolls of immolation
Comestibles
 c - 5 rations


   Skills:
 + Level 5.8(5.5) Fighting
 - Level 4.5(4.1) Axes
 - Level 2.3(2.0) Armour
 + Level 2.8(2.5) Dodging


You had 4 spell levels left.
You didn't know any spells.

Dungeon Overview and Level Annotations

Branches:
Dungeon (2/15)

Altars:
Fedhas
Qazlal
Uskayaw
Xom

Annotations:
D:4 Duvessa


Message History

Duvessa gestures with her weapon.
Dowan hits you but does no damage. Blork bites you but does no damage.
You feel better.
Xom plays with reality for a moment.
A chill wind blows around you. Dowan barely misses you.
Duvessa looks more healthy.
Your ice beast hits Blork.
Your ice beast freezes Blork!!
Blork seems to slow down.
Blork dies!
You hit Dowan but do no damage.
Dowan flickers and vanishes!
Deactivating autopickup; reactivate with Ctrl-A.
Duvessa gestures with her weapon.
Your ice beast hits something.
Your ice beast freezes something!!
Duvessa weeps, then rights herself and shakes her weapon.
Duvessa goes berserk!
Reactivating autopickup.
You feel your strength returning.
You feel a bit more experienced.
Duvessa hits you with a short sword of draining!
You die...

#..####.# #.
#..#....# ###.
#..#.##†#####...
#..#.##.......#)
##.......#######.
#.....#### #.
#.##### ##
####.#### #
#_.@e)..# *******
# #.##Y##.##
*,,,,,* #
#.*#.#...#
*,,,,,* #
#.*#._...#
*,,,,,*
#.*###...#
*,,,,,*
#.***##.##
*,,,,,* #.,,,,..#
***,*** ****
##****#.#*****,*
,,,*** #..,,,,,,*


You could see Duvessa (berserk) and a friendly ice beast.

Vanquished Creatures
  A centaur skeleton (D:4)
  An adder (D:4)
  A worm (D:2)
  3 dart slugs (D:1)
  A leopard gecko (D:4)
  An orc (D:4)
  4 giant cockroaches (D:1)
  3 goblins
  2 hobgoblins (D:1)
  2 jackals (D:2)
  8 bats (D:1)
  3 frilled lizards
  3 kobolds (D:1)
  2 rats (D:1)
35 creatures vanquished.

Vanquished Creatures (collateral kills)
  The ghost of P0WERM0DE the Grave Robber, an amateur OpNe of Cheibriados (D:4)
  Dowan (D:4)
  Ijyb (D:4)
  An adder (D:4)
  An orc (D:4)
5 creatures vanquished.

Grand Total: 40 creatures vanquished

Notes
Turn   | Place    | Note
-------+----------+-------------------------------------------
     0 | D:1      | HeroTen the Hill Orc Chaos Knight began the quest for the Orb.
     0 | D:1      | Reached XP level 1. HP: 19/19 MP: 1/1
    48 | D:1      | Reached skill level 4 in Fighting
    48 | D:1      | Reached XP level 2. HP: 6/27 MP: 2/2
   112 | D:1      | XOM: harmless Tloc miscast
   205 | D:1      | XOM: divination: magic mapping
   264 | D:1      | XOM: god gift: ration
   556 | D:1      | XOM: medium Erth miscast
   601 | D:1      | XOM: mild Conj miscast
   769 | D:1      | XOM: summons 1 hostile shadow creature
  1044 | D:1      | Reached skill level 1 in Dodging
  1208 | D:1      | Reached XP level 3. HP: 33/33 MP: 3/3
  1549 | D:2      | XOM is BORED!
  1549 | D:2      | XOM: summons 1 hostile demon
  1597 | D:2      | XOM: divination: detect items
  1678 | D:2      | Found a stormy altar of Qazlal.
  1686 | D:2      | Found a blossoming altar of Fedhas.
  1733 | D:2      | You fall through a shaft for 2 floors!
  1733 | D:4      | Noticed P0WERM0DE's ghost (amateur OpNe)
  1735 | D:4      | Noticed Ijyb
  1741 | D:4      | Reached XP level 4. HP: 32/41 MP: 4/4
  1742 | D:4      | Killed P0WERM0DE's ghost
  1742 | D:4      | Reached skill level 5 in Fighting
  1742 | D:4      | Reached XP level 5. HP: 38/48 MP: 5/5
  1745 | D:4      | Killed Ijyb
  1897 | D:4      | Found a hide-covered altar of Uskayaw.
  2043 | D:4      | Noticed Duvessa
  2043 | D:4      | Noticed Dowan
  2046 | D:4      | Noticed Blork the orc
  2057 | D:4      | XOM: scenery: create altars
  2058 | D:4      | Noticed Blork
  2058 | D:4      | XOM: polymorph something unseen -> Blork the adder
  2059 | D:4      | HP: 2/49 [Blork the adder (4)]
  2060 | D:4      | XOM: cast spell 'Summon Ice Beast'
  2062 | D:4      | Killed Blork the adder
  2063 | D:4      | Killed Dowan
  2064 | D:4      | Slain by Duvessa

Skill      XL: |  1  2  3  4 |
---------------+-------------+-----
Fighting       | 4 5 |  5.8
Dodging        | 1 2 |  2.8
Axes           | |  4.5
Armour         | |  2.3

Action                   |  1- 3 |  4- 6 || total
-------------------------+-------+-------++-------
Melee: Hand axe          |   138 |    24 ||   162
  Use: Potion            |     4 |     6 ||    10
       Scroll            |     1 |     3 ||     4
 Stab: Invisible         |     1 |       ||     1
       Paralysed         |       |     1 ||     1
  Eat: Chunk             |     2 |     1 ||     3
Armor: Leather armour    |    42 |       ||    42
       Scale mail        |       |    13 ||    13
Dodge: Dodged            |    98 |    15 ||   113
